 Dungeon Crawl Stone Soup version 0.28-b1-70-g80dc712255 (webtiles) character file.

Game seed: 5670530554462788876

18659 iguanaiguana the Cleaver (level 12, -5/103 HPs)
             Began as a Minotaur Fighter on Feb 3, 2022.
             Was the Champion of Okawaru.
             Slain by a two-headed ogre (19 damage)
             ... in a volcano.
             The game lasted 00:18:17 (14372 turns).

iguanaiguana the Cleaver (Minotaur Fighter)        Turns: 14372, Time: 00:18:18

Health: -5/103     AC: 23    Str: 25    XL:     12   Next: 29%
Magic:  0/19       EV: 11    Int:  7    God:    Okawaru [******]
Gold:   530        SH:  7    Dex: 11    Spells: 11/11 levels left

rFire   + . .      SeeInvis +   a - +7 hand axe "Lecyff" {freeze, rF+ rCorr SInv}
rCold   . . .      Faith    +   c - +0 buckler
rNeg    . . .      Spirit   .   v - +0 plate armour
rPois   .          Reflect  .   (helmet restricted)
rElec   .          Harm     .   (no cloak)
rCorr   +          Rampage  .   r - +2 pair of gloves {infuse}
Will    .....                   (no boots)
Stlth   ..........              C - amulet of faith
HPRegen 0.27/turn               w - ring of protection from cold
MPRegen 0.16/turn               m - ring "Ekogivuf" {rC- rCorr AC+4 Int+2 Stlth+}

@: heroic
A: horns 2, retaliatory headbutt
a: Renounce Religion, Heroism, Finesse, Duel


You were in a volcano.
You worshipped Okawaru.
Okawaru was exalted by your worship.
You visited 3 branches of the dungeon, and saw 12 of its levels.
You also visited: Volcano.

You collected 530 gold pieces.

Inventory:

Hand Weapons
 a - the +7 hand axe "Lecyff" (weapon) {freeze, rF+ rCorr SInv}
   (Okawaru gifted it to you on level 2 of the Lair of Beasts)

   It freezes those it strikes, dealing additional cold damage.
   It can also slow down cold-blooded creatures.
   rF:        It protects you from fire.
   SInv:      It lets you see invisible.
   rCorr:     It protects you from acid and corrosion.
 b - the +4 hand axe of the Puffin {flame, +Blink rN++ rCorr Str-5}
   (You found it on level 6 of the Dungeon)

   It burns those it strikes, dealing additional fire damage.
   Big, fiery blades are also staple armaments of hydra-hunters.
   Str:       It affects your strength (-5).
   rN:        It greatly protects you from negative energy.
   +Blink:    It lets you blink.
   rCorr:     It protects you from acid and corrosion.
Missiles
 l - 3 datura-tipped darts
 o - 3 javelins (quivered)
 u - 6 poisoned darts
Armour
 c - a +0 buckler (worn)
 r - a +2 pair of gloves of infusion (worn)
 v - a +0 plate armour (worn)
Jewellery
 i - an amulet of the acrobat
 m - the ring "Ekogivuf" (right hand) {rC- rCorr AC+4 Int+2 Stlth+}
   (You found it on level 1 of the Lair of Beasts)

   [ring of protection]

   AC:        It affects your AC (+4).
   Int:       It affects your intelligence (+2).
   rC:        It makes you vulnerable to cold.
   rCorr:     It protects you from acid and corrosion.
   Stlth:     It makes you more stealthy.
 w - a ring of protection from cold (left hand)
 C - an amulet of faith (around neck)
Wands
 n - a wand of polymorph (5)
 q - a wand of paralysis (13)
 t - a wand of iceblast (7) {@v2}
 E - a wand of acid (4) {@v1}
Scrolls
 f - a scroll of enchant weapon
 g - 5 scrolls of teleportation {@r3}
 h - 3 scrolls of enchant armour
 j - 2 scrolls of holy word
 x - 4 scrolls of fear
 z - a scroll of immolation
Potions
 d - 2 potions of ambrosia
 e - a potion of curing {@q1}
 k - 3 potions of degeneration
 p - a potion of brilliance
 s - 3 potions of invisibility {unknown}
 B - 2 potions of flight {unknown}
 D - 2 potions of mutation


   Skills:
 - Level 8.4(13.4) Fighting
 + Level 14.2(19.2) Axes
 - Level 8.3(13.3) Armour
 - Level 6.8(11.8) Dodging
 - Level 8.4(13.4) Shields
 * Level 11.1 Invocations


You had 11 spell levels left.
You didn't know any spells.
Your spell library was empty.

Dungeon Overview and Level Annotations

Branches:
Dungeon (8/15)             Temple (1/1) D:5            Lair (3/6) D:8
Volcano (1/1)
  Swamp: Lair:2-4    Shoals: Lair:2-4     Snake: Lair:2-4    Spider: Lair:2-4

Altars:
Cheibriados
Dithmenos
Elyvilon
Fedhas
Gozag
Hepliaklqana
Kikubaaqudgha
Makhleb
Nemelex Xobeh
Okawaru
Qazlal
Ru
Sif Muna
Trog
Uskayaw
Vehumet
Wu Jian
Xom
Yredelemnul
Zin
The Shining One

Shops:
D:2 (

Annotations:
D:7 2 runed translucent doors, growler's ghost, novice TeAE
D:8 Gastronok


Innate Abilities, Weirdness & Mutations

You have a pair of horns on your head.
You reflexively headbutt those who attack you in melee.


Message History

You are too injured to fight recklessly!
You are too injured to fight recklessly!
You are too injured to fight recklessly!
You are too injured to fight recklessly!
You are too injured to fight recklessly!
You are too injured to fight recklessly!
You are too injured to fight recklessly!
You are too injured to fight recklessly!
You are too injured to fight recklessly!
You are too injured to fight recklessly!
You are too injured to fight recklessly!
You are too injured to fight recklessly!
You are too injured to fight recklessly!
Unknown command.
The hell hound bites you. The hell hound closely misses you.
You slash the hell hound! You freeze the hell hound.
Your headbutt misses the hell hound.
The hell hound is heavily wounded.
The hell hound bites you but does no damage.
You block the salamander's attack.
You slash the hell hound! You freeze the hell hound.
You headbutt the hell hound.
The hell hound is almost dead.
The hell hound bites you but does no damage.
You hit the hell hound. You freeze the hell hound.
You kill the hell hound!
Okawaru accepts your kill.
The salamander hits you from afar with a +0 halberd.
You are engulfed in flames.
You resist.
* * * LOW HITPOINT WARNING * * *
Aiming: Duel (10% risk of failure)
Press: ? - help, Dir - move target, f - salamander
Aim: a salamander, wielding a +0 halberd You enter into single combat with the salamander!
You enter Okawaru's Arena!
The spectator shouts! x8
You block the salamander's attack.
Found a gate leading back out of this place.
There is an empty arch of ancient stone here.
You feel much better. You block the salamander's attack.
Okay, then.
You hit the salamander. You freeze the salamander.
The salamander is lightly wounded.
You barely miss the salamander. You headbutt the salamander!
The salamander is moderately wounded.
The salamander hits you with a +0 halberd!
You are engulfed in flames!
You resist.
You slash the salamander! You freeze the salamander.
The salamander is heavily wounded.
You slash the salamander! You freeze the salamander.
The salamander is severely wounded.
The salamander hits you with a +0 halberd.
You are engulfed in flames.
You resist.
* * * LOW HITPOINT WARNING * * *
You slash the salamander! You freeze the salamander.
Your headbutt misses the salamander.
The salamander is almost dead.
The salamander hits you but does no damage.
You hit the salamander. You freeze the salamander. You headbutt the salamander.
You kill the salamander!
Okawaru accepts your kill. Okawaru crowns you victorious!
An exit appears.
You start resting.
The spectator waves a pennant, rooting for your enemy!
Okawaru bids you farewell from the Arena.
The spectator roars with approval.
You start resting.
You are returned from the Arena.
In the distance, the volcano erupts with a roar.
Okay, then.
You gain the combat prowess of a mighty hero.
You hit the two-headed ogre. You freeze the two-headed ogre.
The two-headed ogre is lightly wounded.
The two-headed ogre hits you with a +0 giant club of flaming!
* * * LOW HITPOINT WARNING * * *
The two-headed ogre hits you with a +1 great mace of flaming.
* * * LOW HITPOINT WARNING * * *
You slash the two-headed ogre! You freeze the two-headed ogre.
The two-headed ogre is moderately wounded.
You closely miss the two-headed ogre.
The two-headed ogre is moderately wounded.
The two-headed ogre closely misses you.
The two-headed ogre completely misses you.
You slash the two-headed ogre! You freeze the two-headed ogre.
You headbutt the two-headed ogre.
The two-headed ogre is heavily wounded.
You barely miss the two-headed ogre.
The two-headed ogre is heavily wounded.
The two-headed ogre hits you with a +0 giant club of flaming.
* * * LOW HITPOINT WARNING * * *
The two-headed ogre burns you.
* * * LOW HITPOINT WARNING * * *
The two-headed ogre closely misses you.
You hit the two-headed ogre but do no damage.
The two-headed ogre is heavily wounded.
You hit the two-headed ogre. You freeze the two-headed ogre.
You headbutt the two-headed ogre, but do no damage.
The two-headed ogre is severely wounded.
The two-headed ogre hits you with a +0 giant club of flaming!!
You die...

≈≈≈≈≈≈≈≈≈≈≈≈≈≈≈≈≈≈≈≈
≈≈≈≈≈≈≈≈≈≈≈≈≈≈≈≈≈≈≈≈
≈≈≈≈≈≈≈≈≈≈≈≈≈≈≈≈≈≈≈≈
≈≈≈≈≈≈≈≈≈≈≈≈≈≈≈≈≈≈≈≈
≈≈≈≈≈≈≈≈≈≈≈≈≈≈≈≈≈≈≈≈
≈≈≈≈≈≈≈≈≈≈≈≈≈≈≈≈.≈≈≈
≈≈≈≈≈≈≈≈.≈≈≈≈.≈.≈≈≈.
##...@O........
##....##)##...##
###'#..##...# ##
#∩#.#..#..$..#
#∩#.#..#....[#
##.##..##..[##
####..§##### #..§.
≈§≈§≈


You could see a two-headed ogre.

Vanquished Creatures
  3 hydras
  Fannar (Lair:2)
  A two-headed ogre (Volcano)
  A deep elf pyromancer (D:6)
  An ugly thing (D:6)
  A cyclops (D:7)
  A salamander (Arena)
  4 black mambas
  3 elephants
  6 cane toads
  5 komodo dragons
  3 trolls
  A hornet (D:7)
  Prince Ribbit (D:6)
  7 dream sheep (Lair:3)
  6 yaks (Lair:1)
  A wyvern (D:6)
  A fire bat (Volcano)
  2 wraiths
  2 basilisks
  A hell hound (Volcano)
  3 water moccasins
  2 orc warriors
  3 sky beasts
  3 black bears (D:7)
  2 necrophages
  10 wolves
  3 ogres
  3 phantoms
  8 bullfrogs
  A gnoll sergeant (D:5)
  5 scorpions
  A wyvern zombie (D:7)
  A killer bee (D:7)
  5 wights
  A bullfrog zombie (D:7)
  3 centaur zombies
  2 howler monkeys
  A jelly (D:5)
  2 centaur skeletons
  A gnoll shaman (D:6)
  3 orc priests
  6 hounds
  A bullfrog skeleton (D:5)
  2 iguanas
  2 orc wizards (D:8)
  2 killer bee zombies
  2 howler monkey zombies
  10 gnolls
  3 adders
  2 white imps (D:7)
  An ufetubus (D:7)
  An adder skeleton (D:4)
  3 worms
  4 dart slugs
  27 orcs
  6 bats
  7 endoplasms
  2 giant cockroaches
  13 goblins
  10 hobgoblins
  3 jackals (D:3)
  7 kobolds
  A quokka (D:4)
  8 ball pythons
  3 frilled lizards
  3 rats
244 creatures vanquished.

Vanquished Creatures (others)
  A howler monkey skeleton (D:7)
  6 fungi
  43 plants
50 creatures vanquished.

Grand Total: 294 creatures vanquished

Notes
Turn   | Place    | Note
-------+----------+-------------------------------------------
     0 | D:1      | iguanaiguana the Minotaur Fighter began the quest for the
                  | Orb.
     0 | D:1      | Reached XP level 1. HP: 19/19 MP: 0/0
   182 | D:1      | Found a faded altar of an unknown god.
   201 | D:1      | Reached XP level 2. HP: 22/27 MP: 1/1
   581 | D:1      | Reached skill level 3 in Axes
   886 | D:2      | Reached skill level 1 in Dodging
   886 | D:2      | Reached XP level 3. HP: 9/33 MP: 2/2
  1199 | D:2      | Reached XP level 4. HP: 7/40 MP: 3/3
  1525 | D:2      | Found a bloodstained altar of Trog.
  1644 | D:2      | Found Fauhudom's Weapon Shop.
  1658 | D:2      | Identified the +1 scale mail "Fomes" {Str+7 Dex+2}
  2023 | D:3      | Noticed a scorpion
  2039 | D:3      | Killed a scorpion
  2040 | D:3      | Reached skill level 4 in Axes
  2040 | D:3      | Reached XP level 5. HP: 31/46 MP: 4/4
  2655 | D:3      | Noticed a necrophage
  2661 | D:3      | Killed a necrophage
  2662 | D:3      | Reached XP level 6. HP: 49/53 MP: 5/5
  2900 | D:4      | Reached skill level 5 in Axes
  2908 | D:5      | Entered Level 5 of the Dungeon
  2915 | D:5      | Reached skill level 5 in Shields
  2970 | D:5      | Found a stormy altar of Qazlal.
  3034 | D:5      | Reached skill level 5 in Fighting
  3034 | D:5      | Reached skill level 5 in Armour
  3070 | D:5      | Noticed a sky beast
  3373 | D:4      | Reached XP level 7. HP: 61/61 MP: 6/6
  3381 | D:4      | You fall into a shaft and drop 2 floors!
  3468 | D:6      | Noticed Prince Ribbit
  3474 | D:6      | Reached skill level 6 in Axes
  3488 | D:6      | Killed Prince Ribbit
  4024 | D:6      | Noticed a wraith
  4029 | D:6      | Killed a wraith
  4030 | D:6      | Reached skill level 7 in Axes
  4030 | D:6      | Reached XP level 8. HP: 57/70 MP: 3/7
  4070 | D:6      | Identified the +4 hand axe of the Puffin {flame, +Blink
                  | rN++ rCorr Str-5}
  4174 | D:6      | Found a radiant altar of Vehumet.
  4174 | D:6      | Found a bloodstained altar of Trog.
  4247 | D:6      | Found a shimmering blue altar of Sif Muna.
  5568 | D:5      | Found a staircase to the Ecumenical Temple.
  5578 | Temple   | Entered the Ecumenical Temple
  5734 | Temple   | Became a worshipper of Warmaster Okawaru
  6250 | D:5      | Reached skill level 8 in Axes
  6695 | D:6      | Reached * piety under Okawaru
  6783 | D:6      | Noticed a troll
  6792 | D:6      | Killed a troll
  6793 | D:6      | Reached skill level 5 in Dodging
  6793 | D:6      | Reached XP level 9. HP: 53/78 MP: 3/8
  6905 | D:6      | Noticed a cyan ugly thing
  6914 | D:6      | Killed a cyan ugly thing
  6914 | D:6      | Reached ** piety under Okawaru
  6915 | D:6      | Reached skill level 9 in Axes
  7267 | D:8      | Noticed Gastronok
  7443 | D:7      | Found a large runed translucent door.
  7443 | D:7      | Found a large runed translucent door.
  7444 | D:7      | Noticed growler's ghost (novice TeAE)
  7672 | D:7      | Noticed a gargoyle
  7673 | D:7      | Noticed a deep elf pyromancer
  7674 | D:7      | Noticed a cyclops
  7680 | D:7      | Killed a cyclops
  7681 | D:7      | Reached skill level 10 in Axes
  7681 | D:7      | Noticed a troll
  7687 | D:7      | HP: 1/81 [fire elemental[a deep elf pyromancer] (9)]
  8000 | D:7      | Killed a troll
  8000 | D:7      | Reached *** piety under Okawaru
  8123 | D:7      | Reached XP level 10. HP: 85/88 MP: 0/9
  8141 | D:6      | Killed a deep elf pyromancer
  8421 | D:7      | Noticed a skeletal warrior
  8471 | D:6      | Reached **** piety under Okawaru
  8585 | D:8      | Noticed a gargoyle
  8593 | D:8      | Reached skill level 11 in Axes
  8616 | D:8      | Reached skill level 1 in Invocations
  8623 | D:7      | Paralysed by a hornet for 1 turns
  8624 | D:7      | HP: 4/90 [hornet (12)]
  9075 | D:6      | HP: 4/90 [wyvern (10)]
  9780 | D:8      | Found a staircase to the Lair.
 10094 | Lair:1   | Entered Level 1 of the Lair of Beasts
 10098 | Lair:1   | Noticed a cane toad
 10109 | D:8      | Reached skill level 5 in Invocations
 10118 | D:8      | Received a gift from Okawaru
 10306 | Lair:1   | Killed a cane toad
 10406 | Lair:1   | Noticed a four-headed hydra
 10413 | Lair:1   | Killed a one-headed hydra
 10414 | Lair:1   | Reached skill level 12 in Axes
 10414 | Lair:1   | Reached XP level 11. HP: 71/95 MP: 9/14
 10522 | Lair:1   | Reached ***** piety under Okawaru
 11213 | Lair:1   | Identified the ring "Ekogivuf" {rC- rCorr AC+4 Int+2
                  | Stlth+}
 11541 | Lair:1   | Received a gift from Okawaru
 12300 | Lair:2   | Reached skill level 13 in Axes
 12359 | Lair:2   | Noticed Fannar
 12380 | Lair:2   | Killed Fannar
 12812 | Lair:2   | Identified the +7 hand axe "Lecyff" {freeze, rF+ rCorr
                  | SInv} (Okawaru gifted it to you on level 2 of the Lair of
                  | Beasts)
 12812 | Lair:2   | Received a gift from Okawaru
 13114 | Lair:2   | Noticed an eight-headed hydra
 13123 | Lair:2   | Killed a two-headed hydra
 13294 | Lair:2   | Noticed a four-headed hydra
 13306 | Lair:2   | Killed a one-headed hydra
 13714 | Lair:2   | Reached skill level 10 in Invocations
 13729 | Lair:3   | Reached XP level 12. HP: 63/103 MP: 0/18
 14006 | Lair:3   | Reached ****** piety under Okawaru
 14007 | Lair:3   | Found a dark tunnel.
 14034 | Lair:3   | Reached skill level 14 in Axes
 14035 | Lair:3   | Received a gift from Okawaru
 14037 | Volcano  | Entered a volcano
 14323 | Volcano  | Noticed a two-headed ogre
 14323 | Volcano  | Noticed a two-headed ogre
 14331 | Volcano  | Killed a two-headed ogre
 14340 | Arena    | Entered the Arena
 14372 | Volcano  | Slain by a two-headed ogre

Illustrated notes

Levels and vault maps discovered:
D:1:      mrwooster_arrival_statue_3, layout_loops_ring, basic_ecumenical_altar
D:2:      layout_rooms, basic_altar, serial_shops, nicolae_shop_behind_doors,
          grunt_decor_junction
D:3:      minmay_recursive_quarters, layout_basic
D:4:      wad_river_or_something, layout_cave_pools, minmay_misc_feat_square
D:5:      layout_layer_cave, mainiacjoe_overflow_brackets,
          minmay_temple_entry_crystal_x, serial_bayou_lagoon_a
D:6:      layout_rooms, lemuel_crystal_altar, gammafunk_temple_overflow_wave,
          minmay_three_doors, uniq_prince_ribbit1
D:7:      minmay_the_grid_octo_tiled_squarecenter
          [minmay_the_grid_octo_vomiting_pacman, minmay_the_grid_octo_clover_2,
          minmay_the_grid_octo_empty, minmay_the_grid_octo_focus,
          minmay_the_grid_square_5x5_megaprize_crossed,
          minmay_the_grid_square_5x5_inset, minmay_the_grid_square_5x5_mess,
          minmay_the_grid_square_5x5_shrine2,
          minmay_the_grid_square_5x5_detours], layout_rooms,
          ebering_ghost_disaster_area
D:8:      hangedman_cross_stitches, layout_loops_ring, david_lair_shrubbed,
          uniq_gastronok, uniq_maggie, uniq_maurice
Temple:   minmay_crystal_spiral_temple
Lair:1:   layout_regular_city
Lair:2:   layout_roguey, uniq_fannar
Lair:3:   layout_concentric_octagons, minmay_shoals_entry_hut,
          spider_nest_entry_webs, nicolae_volcano_entry_lava_flow, minmay_holes,
          st_stairs_7
Volcano:  volcano_village

Skill      XL: |  1  2  3  4  5  6  7  8  9 10 11 12 |
---------------+-------------------------------------+-----
Axes           | 3 4 5 7 8 10 12 13 14 | 14.2
Armour         | 4 5 6 7 8 |  8.3
Dodging        | 1 2 3 4 5 6 |  6.8
Shields        | 4 5 6 8 |  8.4
Fighting       | 4 5 6 8 |  8.4
Invocations    | 5 10 11 | 11.1

Action                   |  1- 3 |  4- 6 |  7- 9 | 10-12 || total
-------------------------+-------+-------+-------+-------++-------
Melee: War axe           |    70 |   100 |    28 |       ||   198
       Headbutt          |    12 |    15 |    27 |    75 ||   129
       Hand axe          |       |       |   178 |   394 ||   572
Throw: Javelin           |       |       |     7 |       ||     7
Invok: Heroism           |       |       |       |     4 ||     4
       Duel              |       |       |       |     1 ||     1
  Use: Scroll            |       |     3 |     9 |     6 ||    18
       Potion            |       |     3 |     1 |     6 ||    10
 Stab: Distracted        |       |       |       |     1 ||     1
Armor: Scale mail        |    22 |    46 |    85 |    61 ||   214
       Plate armour      |       |       |       |   105 ||   105
Dodge: Dodged            |    31 |    45 |    96 |   128 ||   300
Block: Buckler           |    20 |    21 |    39 |    99 ||   179
